General information
- name: BNet
- type: Ladder team game (AT/RT)
- host: Battle.net
- saver: RichardFeynman.
map: HurricaneIsle
- players: 8
- length: 31:29
- speed: Fast
- version: 1.26 W3XP
- replay type: Public
» download(145 KB)
Players
team 1 (loser)
JPBigT (
green | 48 APM | 665 actions | 13:59)
3 Demon Hunter
2 Immolation
1 Evasion
2 Warden
1 Fan of Knives
1 Blink
» actions
| Assign group hotkey | 21 | |
| Build / train | 56 | |
| Enter build submenu | 14 | |
| Enter hero's abilities submenu | 5 | |
| Give item / drop item | 1 | |
| Remove unit from queue | 1 | |
| Right click | 237 | |
| Select / deselect | 253 | |
| Select group hotkey | 31 | |
| Use ability | 46 | |
665 total
» units
| Wisp | 25 | |
| Druid of the Talon | 7 | |
| Goblin Zeppelin | 1 | |
| Faerie Dragon | 4 | |
37 total
» upgrades
| Druid of the Talon Training | 2 | |
| Strength of the Wild | 1 | |
| Reinforced Hides | 1 | |
| Mark of the Talon | 1 | |
5 total
» buildings
| Altar of Elders | 1 | |
| Moon Well | 5 | |
| Ancient of Wonders | 1 | |
| Tree of Ages | 1 | |
| Ancient of Wind | 3 | |
| Tree of Life | 1 | |
| Tree of Eternity | 1 | |
| Hunter's Hall | 1 | |
14 total
» build order
00:31 Altar of Elders
00:56 Moon Well
01:22 Ancient of Wonders
02:18 Moon Well
02:35 Moon Well
02:45 Tree of Ages
03:19 Moon Well
05:05 Moon Well
05:17 Ancient of Wind
05:20 Ancient of Wind
05:24 Ancient of Wind
08:20 Tree of Life
08:32 Tree of Eternity
09:39 Hunter's Hall
» items
| Lesser Clarity Potion | 2 | |
| Moonstone | 1 | |
| Orb of Venom | 1 | |
4 total

»
DeN[A]Li (
yellow | 70 APM | 733 actions | 10:23)
5 Archmage
3 Summon Water Elemental
2 Brilliance Aura
» actions
| Assign group hotkey | 43 | |
| Basic commands | 53 | |
| Build / train | 47 | |
| ESC pressed | 4 | |
| Enter build submenu | 19 | |
| Enter hero's abilities submenu | 6 | |
| Right click | 236 | |
| Select / deselect | 160 | |
| Select group hotkey | 109 | |
| Use ability | 56 | |
733 total
» units
» upgrades
» buildings
| Farm | 8 | |
| Altar of Kings | 1 | |
| Barracks | 2 | |
| Keep | 3 | |
| Blacksmith | 1 | |
| Castle | 1 | |
| Workshop | 2 | |
| Lumber Mill | 1 | |
| Town Hall | 1 | |
| Gryphon Aviary | 2 | |
22 total
» build order
00:55 Farm
01:11 Altar of Kings
01:31 Farm
01:41 Barracks
01:57 Farm
02:33 Farm
02:39 Farm
02:42 Farm
02:44 Barracks
03:23 Keep
03:23 Keep
03:33 Farm
03:46 Blacksmith
04:48 Farm
06:20 Keep
06:22 Castle
06:25 Workshop
06:27 Lumber Mill
06:45 Town Hall
07:15 Workshop
07:44 Gryphon Aviary
07:47 Gryphon Aviary
» items
XxQc_Xav29xX (
purple | 20 APM | 40 actions | 02:02)
» actions
| Build / train | 7 | |
| ESC pressed | 1 | |
| Enter build submenu | 7 | |
| Right click | 4 | |
| Select / deselect | 14 | |
| Use ability | 7 | |
40 total
» units
» buildings
| Barracks | 1 | |
| Farm | 1 | |
| Altar of Kings | 1 | |
| Lumber Mill | 1 | |
| Scout Tower | 1 | |
| Arcane Vault | 1 | |
6 total
» build order
00:45 Barracks
00:58 Farm
01:18 Altar of Kings
01:37 Lumber Mill
01:43 Scout Tower
01:54 Arcane Vault
NO-WHINING-U-2 (
pink | 28 APM | 870 actions | 31:28)
5 Blademaster
3 Wind Walk
2 Critical Strike
» actions
| Assign group hotkey | 19 | |
| Basic commands | 15 | |
| Build / train | 51 | |
| Enter build submenu | 14 | |
| Enter hero's abilities submenu | 5 | |
| Give item / drop item | 2 | |
| Remove unit from queue | 1 | |
| Right click | 335 | |
| Select / deselect | 159 | |
| Select group hotkey | 223 | |
| Use ability | 46 | |
870 total
» units
| Peon | 9 | |
| Goblin Shredder | 1 | |
| Wind Rider | 6 | |
| Goblin Sapper | 9 | |
| Goblin Zeppelin | 2 | |
27 total
» upgrades
| Ranged Weapons | 3 | |
| Armor | 3 | |
| Reinforced Defenses | 1 | |
| Envenomed Spears | 1 | |
| Liquid Fire | 1 | |
9 total
» buildings
| Altar of Storms | 1 | |
| Orc Burrow | 6 | |
| Stronghold | 2 | |
| War Mill | 1 | |
| Voodoo Lounge | 1 | |
| Beastiary | 3 | |
| Fortress | 1 | |
15 total
» build order
00:11 Altar of Storms
00:18 Orc Burrow
01:50 Stronghold
02:00 War Mill
02:07 Orc Burrow
03:05 Orc Burrow
03:33 Voodoo Lounge
04:18 Beastiary
04:28 Beastiary
05:14 Orc Burrow
05:37 Beastiary
06:09 Fortress
06:46 Orc Burrow
10:55 Stronghold
11:19 Orc Burrow
» items
| Orb of Lightning | 1 | |
| Tiny Great Hall | 1 | |
| Healing Salve | 1 | |
| Scroll of Town Portal | 1 | |
4 total
team 2 (winner)

»
SishKEH (
orange | 31 APM | 974 actions | 31:29)
3 Death Knight
1 Unholy Aura
2 Death Coil
1 Lich
1 Frost Nova
» actions
| Assign group hotkey | 3 | |
| Basic commands | 91 | |
| Build / train | 73 | |
| Enter build submenu | 44 | |
| Enter hero's abilities submenu | 4 | |
| Give item / drop item | 3 | |
| Remove unit from queue | 2 | |
| Right click | 448 | |
| Select / deselect | 241 | |
| Select group hotkey | 1 | |
| Use ability | 63 | |
974 total
» units
| Acolyte | 12 | |
| Ghoul | 5 | |
| Peon | 5 | |
| Crypt Fiend | 9 | |
| Troll Headhunter/Berserker | 8 | |
| Shaman | 7 | |
| Frost Wyrm | 1 | |
47 total
» upgrades
| Creature Attack | 3 | |
| Web | 1 | |
| Shaman Training | 2 | |
| Ranged Weapons | 2 | |
| Troll Regeneration | 1 | |
| Berserker Upgrade | 1 | |
10 total
» buildings
| Crypt | 3 | |
| Ziggurat | 15 | |
| Tomb of Relics | 2 | |
| Graveyard | 2 | |
| Altar of Storms | 1 | |
| Orc Burrow | 5 | |
| Altar of Darkness | 2 | |
| Barracks | 2 | |
| Halls of the Dead | 1 | |
| Voodoo Lounge | 1 | |
| War Mill | 1 | |
| Sacrificial Pit | 1 | |
| Black Citadel | 1 | |
| Fortress | 1 | |
| Spirit Lodge | 2 | |
| Boneyard | 2 | |
| Necropolis | 1 | |
43 total
» build order
00:29 Crypt
00:35 Ziggurat
00:45 Tomb of Relics
01:27 Ziggurat
01:39 Graveyard
02:01 Altar of Storms
02:05 Orc Burrow
02:36 Altar of Darkness
03:06 Barracks
03:30 Halls of the Dead
03:46 Ziggurat
04:01 Orc Burrow
04:14 Voodoo Lounge
04:24 War Mill
04:31 Ziggurat
05:49 Ziggurat
05:58 Sacrificial Pit
09:08 Black Citadel
09:33 Fortress
09:43 Spirit Lodge
09:54 Spirit Lodge
11:16 Barracks
11:22 Orc Burrow
11:28 Orc Burrow
11:52 Boneyard
11:56 Boneyard
12:14 Ziggurat
12:16 Ziggurat
13:41 Orc Burrow
21:40 Necropolis
22:09 Altar of Darkness
22:16 Ziggurat
22:20 Ziggurat
22:24 Ziggurat
22:29 Ziggurat
22:35 Ziggurat
22:55 Crypt
23:04 Crypt
23:11 Graveyard
23:25 Tomb of Relics
23:39 Ziggurat
23:42 Ziggurat
23:43 Ziggurat
» items
| Rod of Necromancy | 1 | |
| Healing Salve | 1 | |
| Scroll of Town Portal | 1 | |
| Potion of Healing | 1 | |
4 total
TheScoundrel (
blue | 56 APM | 1633 actions | 28:56)
5 Archmage
3 Summon Water Elemental
2 Brilliance Aura
» actions
| Assign group hotkey | 33 | |
| Basic commands | 426 | |
| Build / train | 47 | |
| Enter build submenu | 29 | |
| Enter hero's abilities submenu | 5 | |
| Remove unit from queue | 2 | |
| Right click | 576 | |
| Select / deselect | 364 | |
| Select group hotkey | 75 | |
| Use ability | 76 | |
1633 total
» units
| Peasant | 10 | |
| Footman | 7 | |
| Goblin Shredder | 1 | |
| Goblin Zeppelin | 5 | |
| Mortar Team | 7 | |
30 total
» upgrades
| Defend | 1 | |
| Masonry | 1 | |
| Gunpowder | 2 | |
| Fragmentation Shards | 1 | |
5 total
» buildings
| Farm | 6 | |
| Altar of Kings | 1 | |
| Barracks | 1 | |
| Lumber Mill | 1 | |
| Keep | 1 | |
| Scout Tower | 12 | |
| Guard Tower | 2 | |
| Castle | 1 | |
| Blacksmith | 1 | |
| Workshop | 4 | |
| Town Hall | 1 | |
| Arcane Vault | 1 | |
32 total
» build order
01:37 Farm
01:40 Altar of Kings
02:17 Farm
02:55 Barracks
03:41 Lumber Mill
04:03 Farm
04:04 Farm
04:05 Keep
04:15 Scout Tower
04:15 Scout Tower
04:16 Scout Tower
04:16 Scout Tower
04:48 Guard Tower
05:16 Farm
06:50 Castle
07:14 Blacksmith
09:38 Workshop
09:39 Workshop
09:45 Workshop
09:45 Workshop
09:57 Town Hall
10:03 Scout Tower
10:03 Scout Tower
10:04 Scout Tower
10:04 Scout Tower
10:36 Guard Tower
11:18 Arcane Vault
11:35 Scout Tower
11:36 Scout Tower
11:38 Scout Tower
11:39 Scout Tower
RichardFeynman. (
teal | 70 APM | 2205 actions | 31:29)
6 Death Knight
3 Death Coil
3 Unholy Aura
1 Tauren Chieftain
1 War Stomp
5 Dark Ranger
3 Black Arrow
2 Life Drain
» actions
| Assign group hotkey | 27 | |
| Basic commands | 64 | |
| Build / train | 114 | |
| ESC pressed | 2 | |
| Enter build submenu | 27 | |
| Enter hero's abilities submenu | 13 | |
| Give item / drop item | 18 | |
| Remove unit from queue | 1 | |
| Right click | 876 | |
| Select / deselect | 446 | |
| Select group hotkey | 499 | |
| Use ability | 117 | |
2205 total
» units
| Acolyte | 12 | |
| Ghoul | 4 | |
| Peon | 6 | |
| Crypt Fiend | 3 | |
| Gargoyle | 19 | |
| Troll Headhunter/Berserker | 4 | |
| Goblin Zeppelin | 2 | |
50 total
» upgrades
| Creature Attack | 3 | |
| Ranged Weapons | 1 | |
| Creature Carapace | 3 | |
| Web | 1 | |
| Armor | 2 | |
| Stone Form | 1 | |
| Ghoul Frenzy | 1 | |
| Spiked Barricades | 2 | |
| Backpack | 1 | |
| Reinforced Defenses | 1 | |
| Melee Weapons | 1 | |
| Unholy Strength | 3 | |
| Unholy Armor | 3 | |
| Burrow | 1 | |
| Cannibalize | 1 | |
25 total
» buildings
| Altar of Darkness | 1 | |
| Ziggurat | 11 | |
| Crypt | 3 | |
| Graveyard | 1 | |
| Tomb of Relics | 2 | |
| Halls of the Dead | 6 | |
| Stronghold | 1 | |
| Orc Burrow | 2 | |
| Black Citadel | 1 | |
| Spirit Tower | 6 | |
| Sacrificial Pit | 1 | |
| Necropolis | 1 | |
36 total
» build order
00:07 Altar of Darkness
00:08 Ziggurat
00:34 Crypt
00:59 Graveyard
01:25 Tomb of Relics
01:33 Tomb of Relics
02:34 Halls of the Dead
02:34 Halls of the Dead
02:35 Halls of the Dead
02:55 Ziggurat
03:39 Ziggurat
05:02 Crypt
05:45 Ziggurat
05:50 Crypt
07:00 Stronghold
07:07 Orc Burrow
10:03 Black Citadel
10:26 Orc Burrow
11:09 Ziggurat
11:10 Ziggurat
11:12 Ziggurat
12:28 Spirit Tower
14:08 Ziggurat
14:09 Ziggurat
14:47 Spirit Tower
14:47 Spirit Tower
14:48 Spirit Tower
15:33 Spirit Tower
16:49 Ziggurat
16:50 Ziggurat
22:39 Spirit Tower
25:20 Sacrificial Pit
28:35 Necropolis
» items
| Rod of Necromancy | 1 | |
| Periapt of Vitality | 1 | |
| Boots of Speed | 1 | |
| Staff of Teleportation | 1 | |
| Scroll of Healing | 2 | |
| Scroll of Town Portal | 2 | |
| Gloves of Haste | 1 | |
| Pendant of Energy | 1 | |
10 total
Chat log
(00:05 / All) DeN[A]Li: HURRICANE ISLE
(00:06 / All) NO-WHINING-U-2: finally
(00:07 / All) DeN[A]Li: FUCK YES
(00:15 / All) RichardFeynman.: #1 MAP IN THE POOL
(00:36 / All) TheScoundrel: this is a gay map
(00:42 / All) DeN[A]Li: ur a fuckin bad
(00:42 / All) DeN[A]Li: stfu
(00:56 / All) TheScoundrel: Yeah son you're good you can tech and get air or anti air
(01:00 / All) TheScoundrel: and sit in your base
(01:04 / All) DeN[A]Li: and u lose to it when u can do the same thing
(01:05 / All) DeN[A]Li: so
(01:05 / All) RichardFeynman.: WAH WAH RED CAN'T RUSH WAHHHHH BETTER LEAVE
(01:06 / All) TheScoundrel: mucho strategy invovled
(01:07 / All) DeN[A]Li: in other words
(01:09 / All) DeN[A]Li: ur saying u suck
(01:10 / All) TheScoundrel: No I don't
(01:13 / All) DeN[A]Li: yea
(01:14 / All) DeN[A]Li: you do.
(01:15 / All) TheScoundrel: I just simply hate this map it is boring
(01:18 / All) TheScoundrel: no
(01:19 / All) TheScoundrel: I don't
(01:19 / All) DeN[A]Li: because u suck
(01:21 / All) DeN[A]Li: yes
(01:22 / All) DeN[A]Li: you do
(01:33 / All) TheScoundrel: you aren't even 50% faggot
(01:39 / All) DeN[A]Li: i backstab kids like u
(01:45 / All) DeN[A]Li: who think theyre good
(01:46 / All) TheScoundrel: I have backstabbed you before
(01:51 / All) DeN[A]Li: and did i care
(01:52 / All) DeN[A]Li: fuck no
(01:52 / All) TheScoundrel: Several times
(01:56 / All) TheScoundrel: you ahve backstabbed me 0 times
(02:03 / All) DeN[A]Li: good
(10:24 / All) TheScoundrel: my expo
(10:27 / All) TheScoundrel: hahahahaha
(10:30 / All) NO-WHINING-U-2: he raged
(10:33 / All) NO-WHINING-U-2: TRUST ME
(10:35 / All) NO-WHINING-U-2: HE RAGED
(10:41 / All) NO-WHINING-U-2: have tos ee chat
(10:51 / All) TheScoundrel: he didn't get to see me say
(10:52 / All) TheScoundrel: my expo
(13:55 / All) JPBigT: oh well reported thx for replay
(13:57 / All) JPBigT: have a good night
(13:59 / All) TheScoundrel: lol
(14:02 / All) TheScoundrel: damn it
(14:05 / All) TheScoundrel: he left before I could rape his bas4e
(14:14 / All) RichardFeynman.: apparently that army was worth my 5 acos
(14:35 / Allies) SishKEH: lumber plz
(15:02 / Allies) RichardFeynman.: ?
(15:07 / Allies) RichardFeynman.: wtf you doing
(15:18 / Allies) RichardFeynman.: don't ask me
(16:06 / All) NO-WHINING-U-2: like i said games on HI end quick
(16:12 / All) RichardFeynman.: unfortunately
(16:22 / All) RichardFeynman.: it's the best map and it gets the worst game because shitface rt clowns who can't macro hate it
(16:58 / Allies) SishKEH: ffs
(17:02 / Allies) SishKEH: red ownt me
(17:09 / Allies) SishKEH: after i made that army
(17:27 / All) TheScoundrel: "after I made that army"
(17:27 / All) NO-WHINING-U-2: i do remember yellow
(17:28 / All) NO-WHINING-U-2: too
(17:43 / All) TheScoundrel: I've been whispering him he won't reply
(17:58 / Allies) SishKEH: the aa cant tp
(17:59 / Allies) SishKEH: lol
(18:19 / All) NO-WHINING-U-2: he was in all caps when i touched purp
(18:31 / All) TheScoundrel: lawls
(19:23 / All) RichardFeynman.: I love the items on this map, all the creeps
(19:41 / All) TheScoundrel: still a shitty map
(19:47 / All) SishKEH: ^
(19:57 / All) TheScoundrel: Yellow is so good he was gonna straight tech to tanks
(20:05 / All) TheScoundrel: man how imaginitive
(20:06 / All) RichardFeynman.: What a pro
(22:22 / All) NO-WHINING-U-2: im gonna rub one out when urdnot goes all the way with the female chick
(22:44 / All) TheScoundrel: dinosaur people ex
(22:46 / All) TheScoundrel: sex
(22:52 / All) RichardFeynman.: hot
(22:54 / All) NO-WHINING-U-2: its hot
(23:05 / All) TheScoundrel: Orange thinks he's gonna rebuild
(23:12 / All) RichardFeynman.: lol
(23:17 / All) RichardFeynman.: just waiting for it to finish to tp?
(24:01 / All) TheScoundrel: Creeping on this map is not worthwhile
(24:10 / All) RichardFeynman.: You can get 3 level 5 heroes ez
(24:11 / All) TheScoundrel: Heroes play negligible roles
(24:19 / Allies) SishKEH: lmao
(24:20 / All) TheScoundrel: except in specific situation and arch mage mass teleport
(24:22 / Allies) SishKEH: fuck you blue!
(24:55 / Allies) SishKEH: cock sucker
(25:53 / All) TheScoundrel: lol
(26:38 / All) TheScoundrel: he managed to get one mortar
(26:40 / All) TheScoundrel: got to hand it to him
(26:43 / All) TheScoundrel: as I raped his base
(26:48 / All) SishKEH: 3
(26:51 / All) TheScoundrel: 1
(26:53 / All) SishKEH: u werent paying attention tho
(26:56 / All) TheScoundrel: you're talking about earlier
(27:01 / All) TheScoundrel: I mean just now
(27:49 / All) TheScoundrel: thankfully that had no mortars
(27:55 / All) NO-WHINING-U-2: if ur gay type 1
(27:58 / All) RichardFeynman.: 2
(28:11 / All) SishKEH: I
(28:34 / All) TheScoundrel: go ahead and kill those
(28:36 / All) TheScoundrel: my work is done
(28:43 / All) TheScoundrel: rod's creeping fun time
(28:48 / All) RichardFeynman.: yes, all game
(28:51 / All) RichardFeynman.: got all level 10 turtles
(29:07 / All) RichardFeynman.: Should I just unsummon?
(29:07 / All) NO-WHINING-U-2: end it
(29:17 / All) NO-WHINING-U-2: lets give oj the win?
(29:18 / All) NO-WHINING-U-2: hurry up
(29:22 / All) RichardFeynman.: I'm unsummoning
(29:51 / All) NO-WHINING-U-2: i neeed to show my chat
(29:54 / All) RichardFeynman.: buildings dying
(30:11 / All) SishKEH: wth
(30:13 / Allies) SishKEH: was this game about
(30:18 / All) SishKEH: was this game about
(30:18 / Allies) RichardFeynman.: stabbing tricks
(30:19 / All) SishKEH: lol
(30:21 / Allies) RichardFeynman.: I am a knife master
(30:44 / All) RichardFeynman.: 1 niggurat
(31:02 / All) NO-WHINING-U-2: i can just leave
(31:07 / All) RichardFeynman.: k
(31:09 / All) SishKEH: >.>
(31:09 / All) RichardFeynman.: your team gets loss